 Dungeon Crawl Stone Soup version 0.24-a0-779-g36f0aeb (webtiles) character file.

Game seed: 8023772991125272750, levelgen mode: deterministic

19902 2tousent the Covert (level 13, -3/90 HPs)
             Began as a Formicid Fighter on Oct 7, 2019.
             Was a Believer of Uskayaw.
             Slain by a seven-headed hydra (9 damage)
             ... on level 1 of the Lair of Beasts.
             The game lasted 00:51:16 (11797 turns).

2tousent the Covert (Formicid Fighter)             Turns: 11797, Time: 00:51:16

Health: -3/90      AC:  8    Str: 22    XL:     13   Next: 8%
Magic:  17/21      EV: 10    Int:  8    God:    Uskayaw [**....]
Gold:   823        SH: 10    Dex: 14    Spells: 12/12 levels left

rFire    + . .     SeeInvis +   r - +5 quick blade
rCold    . . .     Gourm    .   c - +0 shield
rNeg     + . .     Faith    +   d - +1 troll leather armour {Purgy}
rPois    .         Spirit   .   (helmet unavailable)
rElec    +         Reflect  .   (no cloak)
rCorr    .         Harm     .   C - +0 pair of gloves
MR       ++...                  v - +0 pair of boots
Stlth    +++++.....             A - amulet of faith
HPRegen  0.65/turn              i - ring of protection from fire
MPRegen  0.17/turn              E - ring "Tuovuv" {+Fly rElec rN+ MR+}

@: no status effects
A: permanent stasis, dig shafts and tunnels, four strong arms, antennae 3
a: Dig, Shaft Self, Stomp, Line Pass, Renounce Religion, Evoke Flight


You were on level 1 of the Lair of Beasts.
You worshipped Uskayaw.
Uskayaw was aware of your devotion.
You were very hungry.

You visited 3 branches of the dungeon, and saw 15 of its levels.
You also visited: Sewer.

You collected 823 gold pieces.

Inventory:

Hand Weapons
 a - a +0 rapier
 r - a +5 quick blade (weapon)
 z - a +1 short sword of venom
 G - the +6 morningstar "Viulupt" {crush, *Contam rC+ rN++ MR+ Str+4, unknown}
   (You found it on level 11 of the Dungeon)

   It inflicts extra damage upon your enemies.
   It affects your strength (+4).
   It protects you from cold.
   It greatly protects you from negative energy.
   It affects your resistance to hostile enchantments.
   It causes magical contamination when unequipped.
 L - a +2 long sword of holy wrath
Missiles
 s - 7 silver javelins (quivered)
Armour
 b - a +0 scale mail
 c - a +0 shield (worn)
 d - a +1 troll leather armour (worn) {Purgy}
 v - a +0 pair of boots (worn)
 C - a +0 pair of gloves (worn)
Jewellery
 i - a ring of protection from fire (left hand)
 p - a +5 amulet of reflection
 q - a +3 amulet of reflection
 A - an amulet of faith (around neck)
 E - the ring "Tuovuv" (right hand) {+Fly rElec rN+ MR+}
   (You found it on level 10 of the Dungeon)

   [ring of flight]

   It insulates you from electricity.
   It protects you from negative energy.
   It affects your resistance to hostile enchantments.
   It lets you fly.
 I - a +4 ring of dexterity {unknown}
 K - a cursed ring of attention {unknown}
Wands
 h - a wand of acid (17)
 o - a wand of flame (52)
 w - a wand of digging (8)
 x - a wand of enslavement (5)
 y - a wand of disintegration (14)
 N - a wand of iceblast (9)
Scrolls
 e - 7 scrolls of identify
 g - 6 scrolls of remove curse
 j - a scroll of fear
 l - 6 scrolls of teleportation
 t - 2 scrolls of magic mapping
 H - a scroll of amnesia
 M - a scroll of enchant armour
 O - a scroll of torment {unknown}
 Q - a scroll of enchant weapon {unknown}
 R - a scroll of fog {unknown}
Potions
 k - 2 potions of curing
 m - 4 potions of degeneration
 n - a potion of mutation
 u - 2 potions of berserk rage
 B - 2 potions of agility
 D - 2 potions of lignification
 F - a potion of haste
 J - a potion of flight {unknown}
 P - a potion of cancellation {unknown}
 S - a potion of resistance {unknown}
Comestibles
 f - 22 rations


   Skills:
 + Level 4.9 Fighting
 * Level 12.6 Short Blades
 + Level 5.7 Armour
 * Level 14.1 Stealth
 + Level 6.0 Shields
 * Level 11.5 Invocations


You had 12 spell levels left.
You didn't know any spells.
Your spell library contained the following spells:

 Spells                   Type           Power        Failure   Level  Hunger
 Animate Skeleton         Necr           N/A          67%         1    ##.....
 Confusing Touch          Hex            #.....       67%         1    ##.....
 Flame Tongue             Conj/Fire      #....        67%         1    ##.....
 Magic Dart               Conj           #...         67%         1    ##.....
 Pain                     Necr           #...         67%         1    ##.....
 Call Imp                 Summ           #.......     80%         2    ###....
 Slow                     Hex            #.......     80%         2    ###....
 Throw Frost              Conj/Ice       #.....       80%         2    ###....
 Confuse                  Hex            #.......     95%         3    ####...
 Conjure Flame            Conj/Fire      #.......     95%         3    ####...
 Gell's Gravitas          Tloc           #.........   95%         3    ####...
 Mephitic Cloud           Conj/Pois/Air  #.......     95%         3    ####...
 Regeneration             Chrm/Necr      #.........   95%         3    ####...
 Vampiric Draining        Necr           #.........   95%         3    ####...
 Animate Dead             Necr           N/A          100%        4    #####..
 Petrify                  Tmut/Erth      #.......     100%        4    #####..
 Sticky Flame             Conj/Fire      #.......     100%        4    #####..
 Summon Ice Beast         Ice/Summ       #.......     100%        4    #####..
 Metabolic Englaciation   Hex/Ice        #.........   100%        5    ######.
 Yara's Violent Unravell  Hex/Tmut       #.........   100%        5    ######.
 Dragon's Call            Summ           #.........   100%        9    #######
 Blink                    Tloc           Unusable     N/A         2    N/A

Dungeon Overview and Level Annotations

Branches:
Dungeon (13/15)            Temple (1/1) D:7            Lair (1/6) D:11
    Orc (0/2) D:12          Sewer (visited)
 Vaults: D:13-14

Altars:
Ashenzari
Elyvilon
Fedhas
Gozag
Hepliaklqana
Kikubaaqudgha
Makhleb
Nemelex Xobeh
Qazlal
Sif Muna
Trog
Uskayaw
Vehumet
Wu Jian
Xom
Zin
The Shining One

Shops:
D:10 *   D:12 !


Innate Abilities, Weirdness & Mutations

You cannot be hasted, slowed, berserked, paralysed or teleported.
You can dig through walls and to a lower floor.
Your four strong arms can wield two-handed weapons with a shield.
You have a pair of large antennae on your head. (SInv)


Message History

The seven-headed hydra is moderately wounded.
You puncture the seven-headed hydra!
The seven-headed hydra is heavily wounded.
The seven-headed hydra bites you. x2
* * * LOW HITPOINT WARNING * * *
You block the seven-headed hydra's attack.
The seven-headed hydra bites you but does no damage. x2
The seven-headed hydra bites you!
* * * LOW HITPOINT WARNING * * *
The seven-headed hydra bites you but does no damage.
Aiming: Line Pass
Press: ? - help, Dir - move target cursor The seven-headed hydra appears confused.
You are feeling very hungry.
The seven-headed hydra closely misses you. x2
You block the seven-headed hydra's attack.
The seven-headed hydra bites you!
* * * LOW HITPOINT WARNING * * *
The seven-headed hydra bites you!
You die...

###
#.#########
#D@........
#.#######.#
#.# ##.# ##
#..##P.#
##....+
#.#### #
#.# +. #.#
#.#


You could see a seven-headed hydra (confused).

Vanquished Creatures
  A centaur warrior (D:13)
  2 two-headed ogres (D:9)
  A slime creature (D:13)
  An unseen horror (D:12)
  A deep elf mage (D:12)
  4 ugly things (D:13)
  3 cyclopes
  A manticore (D:9)
  3 spiny frogs (Lair:1)
  2 gargoyles
  3 trolls
  A hippogriff (D:12)
  A spriggan (D:8)
  A wyvern (D:12)
  19 yaks
  A basilisk (shapeshifter) (D:13)
  5 vampire mosquitoes
  A hungry ghost (D:11)
  An acid dragon (D:11)
  4 water moccasins
  Purgy (Sewer)
  4 orc warriors
  3 black bears
  7 ice beasts
  3 phantoms
  3 sky beasts
  A necrophage (D:9)
  4 ogres
  4 centaurs
  3 big kobolds
  9 bullfrogs
  2 scorpions
  A water moccasin skeleton (D:6)
  5 killer bees (D:13)
  5 howler monkeys
  6 crimson imps
  2 centaur zombies (D:10)
  9 hounds
  5 jellies
  6 orc wizards
  A quasit (D:11)
  7 orc priests
  4 centaur skeletons
  4 bullfrog skeletons
  Ijyb (D:4)
  4 iguanas
  14 worker ants
  A hound zombie (D:3)
  A hound skeleton (D:9)
  16 adders
  2 shadow imps
  An ooze (D:3)
  3 adder skeletons
  3 worms
  2 dart slugs
  11 leopard geckos
  32 orcs
  9 giant cockroaches
  7 hobgoblins
  7 jackals
  6 quokkas
  6 ball pythons
  12 bats
  8 frilled lizards
  6 goblins
  A jackal skeleton (D:5)
  29 kobolds
  2 leopard gecko skeletons
  A quokka skeleton (D:5)
  A quokka zombie (D:7)
  8 rats
349 creatures vanquished.

Vanquished Creatures (others)
  A centaur (D:11)
1 creature vanquished.

Grand Total: 350 creatures vanquished

Notes
Turn   | Place    | Note
-------+----------+-------------------------------------------
     0 | D:1      | 2tousent the Formicid Fighter began the quest for the Orb.
     0 | D:1      | Reached XP level 1. HP: 18/18 MP: 1/1
   120 | D:1      | Reached skill level 1 in Stealth
   124 | D:1      | Reached XP level 2. HP: 20/24 MP: 2/2
   311 | D:1      | Reached skill level 2 in Stealth
   323 | D:1      | Reached XP level 3. HP: 24/29 MP: 3/3
  1037 | D:2      | Reached XP level 4. HP: 35/35 MP: 4/4
  1058 | D:2      | Reached skill level 3 in Stealth
  1107 | D:2      | Found a faded altar of an unknown god.
  1323 | D:2      | Found an opulent altar of Gozag.
  1329 | D:2      | Found an ancient bone altar of Kikubaaqudgha.
  1329 | D:2      | Found a white marble altar of Elyvilon.
  1987 | D:3      | Reached XP level 5. HP: 36/41 MP: 5/5
  2070 | D:3      | Reached skill level 4 in Stealth
  2178 | D:3      | Found a glowing drain.
  2202 | Sewer    | Entered a sewer
  2435 | Sewer    | Noticed Purgy
  2447 | Sewer    | Killed Purgy
  2447 | Sewer    | Reached skill level 5 in Stealth
  2447 | Sewer    | Reached XP level 6. HP: 27/47 MP: 6/6
  3044 | D:4      | Reached skill level 5 in Short Blades
  3056 | D:4      | Reached XP level 7. HP: 45/52 MP: 7/7
  3185 | D:4      | Reached skill level 6 in Stealth
  3191 | D:4      | Noticed Ijyb
  3220 | D:4      | Killed Ijyb
  3550 | D:4      | Found a shimmering blue altar of Sif Muna.
  3716 | D:5      | Entered Level 5 of the Dungeon
  3858 | D:5      | Found a shattered altar of Ashenzari.
  3963 | D:5      | Got a pitted iron amulet
  3965 | D:5      | Identified the amulet "Xuurry" {Gourm Fragile rF+ Int+4}
                  | (You found it on level 5 of the Dungeon)
  4195 | D:6      | Reached skill level 7 in Stealth
  4207 | D:6      | Reached XP level 8. HP: 58/58 MP: 8/8
  4338 | D:6      | Reached skill level 8 in Stealth
  4609 | D:6      | Reached skill level 9 in Stealth
  4871 | D:6      | Reached XP level 9. HP: 28/64 MP: 9/9
  5200 | D:7      | Reached skill level 10 in Stealth
  5251 | D:7      | Found a staircase to the Ecumenical Temple.
  5276 | Temple   | Entered the Ecumenical Temple
  5281 | Temple   | Became a worshipper of Uskayaw the Reveler
  5293 | D:7      | Reached * piety under Uskayaw
  5416 | D:7      | Reached ** piety under Uskayaw
  5544 | D:7      | Found a hazy altar of Hepliaklqana.
  5691 | D:7      | Reached skill level 1 in Invocations
  6126 | D:8      | Reached *** piety under Uskayaw
  6130 | D:8      | Reached **** piety under Uskayaw
  6138 | D:8      | Reached skill level 11 in Stealth
  6150 | D:8      | Reached ***** piety under Uskayaw
  6202 | D:8      | Reached XP level 10. HP: 21/70 MP: 6/12
  6686 | D:8      | Reached skill level 5 in Invocations
  6806 | D:8      | Found a glowing golden altar of the Shining One.
  6807 | D:8      | Found a stormy altar of Qazlal.
  6947 | D:8      | Identified a scroll of acquirement
  7156 | D:9      | Noticed a manticore
  7179 | D:9      | HP: 3/70 [manticore (12)]
  7180 | D:9      | Reached skill level 12 in Stealth
  7180 | D:9      | Killed a manticore
  7450 | D:9      | Reached skill level 10 in Short Blades
  7481 | D:9      | Reached XP level 11. HP: 20/77 MP: 4/16
  7735 | D:9      | Noticed a two-headed ogre
  7762 | D:9      | Killed a two-headed ogre
  7877 | D:9      | Noticed a two-headed ogre
  7889 | D:9      | Killed a two-headed ogre
  7889 | D:9      | Reached skill level 5 in Shields
  8001 | D:9      | Found an ornate altar of the Wu Jian Council.
  8105 | D:10     | Entered Level 10 of the Dungeon
  8168 | D:10     | Got a scintillating granite ring
  8175 | D:10     | Found Rutoehag's Assorted Antiques.
  8184 | D:10     | Identified the ring "Tuovuv" {+Fly rElec rN+ MR+} (You
                  | found it on level 10 of the Dungeon)
  8310 | D:10     | Identified Sif Muna's Reference Book on Creative
                  | Conjuration
  8499 | D:10     | Reached skill level 13 in Stealth
  8846 | D:11     | Reached skill level 5 in Armour
  9125 | D:11     | You fall into a shaft and drop 1 floor!
  9305 | D:11     | Got a smoking morningstar
  9362 | D:11     | Found a staircase to the Lair.
  9775 | D:12     | Found a staircase to the Orcish Mines.
  9805 | D:12     | Reached XP level 12. HP: 41/83 MP: 10/18
  9984 | D:12     | Noticed an unseen horror
  9988 | D:12     | Killed an unseen horror
  9988 | D:12     | Reached skill level 14 in Stealth
 10439 | D:12     | Found Ohiuset's Distillery.
 10582 | D:13     | Reached skill level 10 in Invocations
 11167 | D:13     | Noticed a centaur warrior
 11193 | D:13     | Killed a centaur warrior
 11553 | Lair:1   | Entered Level 1 of the Lair of Beasts
 11572 | Lair:1   | Reached XP level 13. HP: 45/90 MP: 16/21
 11784 | Lair:1   | Noticed a seven-headed hydra
 11797 | Lair:1   | Slain by a seven-headed hydra

Levels and vault maps discovered:
D:1:      dpeg_arrival_chase, layout_basic, minmay_pentomino_w2
D:2:      layout_basic, grunt_temple_overflow_open, serial_forest,
          infiniplex_forest_straight_4, infiniplex_forest_clump_curved,
          infiniplex_forest_clump_diagonal, infiniplex_forest_straight_2,
          infiniplex_forest_lined_3, infiniplex_forest_3_way,
          infiniplex_forest_straight_2, infiniplex_forest_end_double,
          chequers_ecumenical_altar_simple, kennysheep_decorative_pillar
D:3:      layout_rooms, portal_sewer_entry_b, fountainhead
D:4:      layout_loops_ring, nicolae_overflow_crystal_walls, uniq_ijyb
D:5:      layout_basic, ashenzari_conservatory_becter, first_ration
D:6:      black_bear_nest_2, layout_rooms, lightli_minifort
D:7:      layout_basic, lemuel_crystal_altar, minmay_temple_entry_glass
D:8:      layout_loops_cross, gammafunk_temple_overflow_statue, grunt_pizzeria,
          skrybe_limestone_x
D:9:      layout_loops_ring, lemuel_coloured_pillars_altar
D:10:     layout_cave_pools, serial_shops, shop, serial_column_ruins,
          column_ruins_square_large, column_ruins_hut_ruined,
          column_ruins_corridor_plus, column_ruins_grid_3, column_ruins_grid_1,
          column_ruins_columns_T, column_ruins_grid_1, column_ruins_open_small
D:11:     layout_irregular_city, lair_entry_dummy
D:12:     layout_irregular_city, orc_0_dummy, serial_shops,
          kennysheep_mini_moat, grunt_decor_cap, serial_bayou_crossing
D:13:     layout_loops_ring
Temple:   cyrus_circular_temple
Lair:1:   layout_regular_city, serial_bayou_shore_a,
          infiniplex_staircase_pool_2, minmay_lair_oklob_chamber

Skill      XL: |  1  2  3  4  5  6  7  8  9 10 11 12 13 |
---------------+----------------------------------------+-----
Stealth        | 1 2 3 5 7 9 11 12 13 14 | 14.1
Short Blades   | 3 4 5 6 7 9 10 11 12 | 12.6
Invocations    | 3 6 9 11 | 11.5
Shields        | 4 5 6 |  6.0
Fighting       | 4 |  4.9
Armour         | 4 5 |  5.7

Action                   |  1- 3 |  4- 6 |  7- 9 | 10-12 | 13-15 || total
-------------------------+-------+-------+-------+-------+-------++-------
Melee: Rapier            |   114 |   227 |   310 |       |       ||   651
       Short sword       |       |       |   104 |    92 |       ||   196
       Quick blade       |       |       |       |   627 |    29 ||   656
Invok: Stomp             |       |       |     3 |     7 |       ||    10
       Line Pass         |       |       |       |    24 |     1 ||    25
       Grand Finale      |       |       |       |     2 |       ||     2
 Abil: Shaft Self        |       |       |       |     1 |       ||     1
       Dig               |       |       |       |       |     1 ||     1
  Use: Scroll            |       |     7 |     2 |     8 |       ||    17
       Potion            |       |     1 |       |     3 |       ||     4
 Stab: Sleeping          |       |       |    20 |    34 |     3 ||    57
       Paralysed         |       |       |     3 |    28 |       ||    31
       Confused          |       |       |       |    21 |       ||    21
       Distracted        |       |       |       |     4 |       ||     4
  Eat: Chunk             |     1 |     5 |    12 |    22 |       ||    40
       Ration            |       |       |       |     2 |       ||     2
Armor: Scale mail        |    59 |    95 |       |       |       ||   154
       Troll leather arm |       |    10 |    53 |    73 |     8 ||   144
Dodge: Dodged            |    34 |    97 |    95 |   106 |     8 ||   340
Block: Shield            |    49 |   145 |   230 |   199 |    15 ||   638
       Reflection        |       |       |       |     9 |       ||     9

Table legend:
 A = Non-vault XP
 B = Vault XP
 C = Vault XP percentage of total XP
 D = Non-vault monster count
 E = Vault monster count
 F = Vault count percentage of total count
                 A         B        C        D         E       F
            +---------+---------+-------+---------+---------+-------
      Total |   27631 |     801 |   2.8 |     330 |      20 |   5.7
            +---------+---------+-------+---------+---------+-------
        D:1 |      51 |       2 |   3.8 |      32 |       2 |   5.9
        D:2 |      62 |       0 |   0.0 |      21 |       0 |   0.0
        D:3 |     217 |       6 |   2.7 |      30 |       4 |  11.8
        D:4 |     229 |      36 |  13.6 |      12 |       1 |   7.7
        D:5 |     106 |       0 |   0.0 |       8 |       0 |   0.0
        D:6 |    1044 |     390 |  27.2 |      19 |       6 |  24.0
        D:7 |     750 |       0 |   0.0 |      23 |       0 |   0.0
        D:8 |    1623 |     224 |  12.1 |      34 |       1 |   2.9
        D:9 |    4933 |       0 |   0.0 |      32 |       0 |   0.0
       D:10 |     468 |       0 |   0.0 |      13 |       0 |   0.0
       D:11 |    3829 |       0 |   0.0 |      32 |       0 |   0.0
       D:12 |    4898 |       0 |   0.0 |      28 |       0 |   0.0
       D:13 |    7815 |       0 |   0.0 |      40 |       0 |   0.0
     Lair:1 |    1606 |       0 |   0.0 |       6 |       0 |   0.0
      Sewer |       0 |     143 | 100.0 |       0 |       6 | 100.0
            +---------+---------+-------+---------+---------+-------
